 Dungeon Crawl Stone Soup version 0.32-a0-7-ge934b4519a (webtiles) character file.

Game seed: 2716300340605583552

16 case the Firebug (level 2, 0/19 HPs)
             Began as a Human Fire Elementalist on Jan 13, 2024.
             Slain by a jackal (1 damage)
             ... on level 1 of the Dungeon.
             The game lasted 00:02:43 (482 turns).

case the Firebug (Human Fire Elementalist)           Turns: 482, Time: 00:02:43

Health: 0/19       AC:  2    Str:  8    XL:     2   Next: 58%
Magic:  3/5        EV: 12    Int: 15    God:
Gold:   25         SH:  0    Dex: 13    Spells: 4/5 levels left

rFire   . . .        d - +0 dagger
rCold   . . .        (no shield)
rNeg    . . .        a - +0 robe
rPois   .            (no helmet)
rElec   .            (no cloak)
rCorr   .            (no gloves)
SInv    .            (no boots)
Will    .....        (no amulet)
Stlth   ++           (no ring)
HPRegen 0.23/turn    (no ring)
MPRegen 0.09/turn

%: no passive effects
@: no status effects
A: explore regen
a: no special abilities


You were on level 1 of the Dungeon.
You visited 1 branch of the dungeon, and saw 1 of its levels.

You collected 25 gold pieces.

Inventory:

Hand Weapons
 d - a +0 dagger (weapon)
Armour
 a - a +0 robe (worn)
Scrolls
 c - a scroll of summoning {unknown}
 e - a scroll of identify {unknown}


   Skills:
 - Level 2.0 Dodging
 - Level 2.0 Stealth
 * Level 2.3 Spellcasting
 + Level 1.1 Conjurations
 + Level 3.5 Fire Magic


You had 4 spell levels left.
You knew the following spells:

 Your Spells              Type           Power      Damage    Failure   Level
a - Foxfire               Conj/Fire      32%        2x1d5     9%          1

Your spell library contained the following spells:

 Spells                   Type           Power      Damage    Failure   Level
 Scorch                   Fire           24%        2d6       8%          2
 Inner Flame              Hex/Fire       7%         N/A       30%         3
 Volatile Blastmotes      Fire/Tloc      14%        2d11      30%         3
 Flame Wave               Conj/Fire      8%         2d5       63%         4


Dungeon Overview and Level Annotations

Branches:
Dungeon (1/15)

Altars:

Shops:
D:1 !


Innate Abilities, Weirdness & Mutations

You regain HP and MP as you explore.


Message History

You closely miss the jackal.
The jackal is almost dead.
The jackal completely misses you.
You completely miss the jackal.
The jackal is almost dead.
The jackal barely misses you.
The jackal bites you but does no damage.
You closely miss the jackal.
The jackal is almost dead.
The jackal bites you.
* * * LOW HITPOINT WARNING * * *
The jackal bites you.
* * * LOW HITPOINT WARNING * * *
Casting: Foxfire (safe; 9% risk of failure)
Confirm with . or Enter, or press ? or * to list all spells.
You conjure some foxfire!
The jackal bites you.
* * * LOW HITPOINT WARNING * * *
Your foxfire dissipates!
The jackal misses you.
Found Irhyozor's Distillery.
The jackal attacks as it pursues you! The jackal bites you.
* * * LOW HITPOINT WARNING * * *
Magic courses through your body. The jackal misses you.
Casting: Foxfire (safe; 9% risk of failure)
Confirm with . or Enter, or press ? or * to list all spells.
You conjure some foxfire!
The jackal bites you.
* * * LOW HITPOINT WARNING * * *
The jackal bites you.
* * * LOW HITPOINT WARNING * * *
Your foxfire dissipates!
The foxfire hits the jackal.
You kill the jackal!
Casting: Foxfire (safe; 9% risk of failure)
Confirm with . or Enter, or press ? or * to list all spells.
You conjure some foxfire!
The jackal closely misses you.
The foxfire hits the jackal but does no damage.
The foxfire hits the jackal.
The jackal is lightly wounded.
The jackal bites you.
You die...

..# ### #.. #..## ..# #.# ###...
#.# #.# ...∩. #.# #.#
...########.# #.# #..##.)...#.#
#.###
#########.§#.####.#.###....
#....gh.hh.#.# #.#.#...###
#.########@#.####.#........ .
#.#### #.#...##.###.#.##.
..###h).h## #.#...##.# #....#.
#......##.g####.....##.###.#..#.
#.....$..#....#)#...##...[....#.
#........####....#########.##.#.
#...$....h.gh...................
#........#..........##.....##.#.
#....†...#........#######.....#.


You could see 3 jackals and a hobgoblin.

Vanquished Creatures
  An endoplasm (D:1)
  2 goblins (D:1)
  2 hobgoblins (D:1)
  A jackal (D:1)
  2 kobolds (D:1)
  2 quokkas (D:1)
  2 ball pythons (D:1)
  A bat (D:1)
13 creatures vanquished.

Vanquished Creatures (others)
  30 foxfires (D:1)
30 creatures vanquished.

Grand Total: 43 creatures vanquished

Notes
Turn   | Place    | Note
-------+----------+-------------------------------------------
     0 | D:1      | case the Human Fire Elementalist began the quest for the
                  | Orb.
     0 | D:1      | Reached XP level 1. HP: 13/13 MP: 3/3
   159 | D:1      | Reached XP level 2. HP: 19/19 MP: 1/5
   477 | D:1      | Found Irhyozor's Distillery.
   482 | D:1      | Slain by a jackal

Illustrated notes

Levels and vault maps discovered:
D:1:      roderic_dead_forest, layout_basic, serial_shops, nicolae_square_shop,
          nicolae_lakefront_shop, nicolae_shop_window_shopping

Action                     || total
---------------------------++-------
  Melee: Unarmed           ||     5
         Punch             ||     1
         Dagger            ||    11
   Cast: Foxfire           ||    25
    Use: Potion            ||     1
   Stab: Sleeping          ||     1
 Armour: Robe              ||    33
  Dodge: Dodged            ||    21

Table legend: (Time is in decaauts)
 A = Elapsed time spent in this place.
 B = Non-inter-level travel time spent in this place.
 C = Inter-level travel time spent in this place.
 D = Time resting spent in this place.
 E = Time spent auto-exploring this place.
 F = Levels seen in this place.
 G = Mean time per level.
                   A        B        C        D        E       F      G
               +--------+--------+--------+--------+--------+-----+--------+
         Total |    481 |    481 |      0 |     82 |    203 |   1 |  481.0 |
       Dungeon |    481 |    481 |      0 |     82 |    203 |   1 |  481.0 |
               +--------+--------+--------+--------+--------+-----+--------+

Top non-repeatable levels by time:
     D:1: 481 daAuts
